 Dungeon Crawl Stone Soup version 0.18.1-48-g4cf74bf (webtiles) character file.

102 Gargoyl the Skirmisher (level 4, 0/37 HPs)
             Began as a Demonspawn Abyssal Knight on Aug 22, 2016.
             Was a Believer of Lugonu.
             Succumbed to an orc priest's poison
             ... on level 3 of the Dungeon.
             The game lasted 00:03:20 (2141 turns).

Gargoyl the Skirmisher (Demonspawn Abyssal Knight)  Turns: 2141, Time: 00:03:20

Health: 0/37       AC:  7    Str: 15    XL:     4   Next: 49%
Magic:  5/5        EV: 11    Int: 18    God:    Lugonu [**....]
Gold:   145        SH:  0    Dex: 13    Spells: 0 memorised, 3 levels left

rFire  . . .     SeeInvis .     a - +1 hand axe
rCold  . . .     Gourm    .     q - +0 ring mail
rNeg   . . .     Faith    .     (no shield)
rPois  .         Spirit   .     (helmet restricted)
rElec  .         Dismiss  .     (no cloak)
rCorr  .         Reflect  .     (no gloves)
SustAt .         Harm     .     (no boots)
MR     .....                    (no amulet)
Stlth  +.........               (no ring)
                                (no ring)

@: brilliant, lethally poisoned (0 -> -20), not resistant to hostile
enchantments, very unstealthy
A: antennae 1, talons 1, iridescent scales 1, deformed body, strong 1
a: Depart the Abyss, Bend Space, Renounce Religion


You were on level 3 of the Dungeon.
You worshipped Lugonu.
Lugonu was pleased with you.
You were not hungry.

You visited 1 branch of the dungeon, and saw 3 of its levels.
You visited the Abyss 1 time.

You collected 145 gold pieces.

Inventory:

Hand Weapons
 a - a +1 hand axe (weapon)
 e - a +0 blowgun
Armour
 q - a +0 ring mail (worn)
Scrolls
 d - a scroll of acquirement {unknown}
 f - a scroll of blinking {unknown}
 g - 2 scrolls of amnesia {unknown}
 i - 3 scrolls of identify {unknown}
 r - a scroll of enchant weapon {unknown}
 v - a scroll of remove curse {unknown}
Potions
 b - a potion of mutation
 h - a potion of invisibility {unknown}
 l - a potion of ambrosia {unknown}
 m - a potion of flight {unknown}
 p - a potion of lignification {unknown}
 s - a potion of curing {unknown}
 w - a potion of resistance {unknown}
Comestibles
 c - a bread ration
 j - a beef jerky
 k - a royal jelly


   Skills:
 + Level 4.0 Fighting
 + Level 2.3 Axes
 * Level 2.8 Armour
 + Level 1.3 Dodging
 + Level 0.2 Stealth
 + Level 2.6 Invocations


You had 3 spell levels left.
You didn't know any spells.

Dungeon Overview and Level Annotations

Branches:
Dungeon (3/15)

Altars:
Cheibriados
Fedhas
Vehumet
Yredelemnul


Innate Abilities, Weirdness & Mutations

You have sharp toenails.
You are partially covered in iridescent scales (AC +4).
You have a pair of small antennae on your head.
Armour fits poorly on your strangely shaped body.
Your muscles are strong. (Str +2)


Message History

a short sword of venom; a club; an orc corpse Unknown command.
You slash the jackal!
You kill the jackal!
Lugonu accepts your kill.
* * * LOW HITPOINT WARNING * * *
You feel very sick.
* * * LOW HITPOINT WARNING * * *
You feel sick.
You see here a jackal corpse.
* * * LOW HITPOINT WARNING * * *
You feel sick.
* * * LOW HITPOINT WARNING * * *
You feel sick.
* * * LOW HITPOINT WARNING * * *
You feel sick.
Drink which item? (? for menu, Esc to quit)
It was a potion of brilliance.
You feel clever all of a sudden.
You die...

..... #.....#.#
......#..##.#.#
......#..##.#.#
......+.. #.#.#
#....#.###.#.#
.............#
##....<###.#
###.#.#####.#
#@..†)......#
{#.#.†########
#.#..†.......
#.##.#....###
#.##.#..(.#
#.##...(..(..
#.####.#+#...
... .# .. ## .


There were no monsters in sight!

Vanquished Creatures
  An orc priest (D:3)
  2 adders (D:3)
  An ooze (D:1)
  A dart slug (D:1)
  4 giant cockroaches
  10 goblins
  5 hobgoblins
  3 jackals (D:3)
  A quokka (D:2)
  4 bats
  7 kobolds
  10 rats
49 creatures vanquished.

Notes
Turn   | Place    | Note
--------------------------------------------------------------
     0 | Abyss:1  | Gargoyl the Demonspawn Abyssal Knight began the quest for the Orb.
     0 | Abyss:1  | Reached XP level 1. HP: 18/18 MP: 2/2
    61 | Abyss:2  | Noticed an ancient zyme
    96 | Abyss:2  | Noticed a starcursed mass
    97 | Abyss:2  | Noticed a rakshasa
    98 | Abyss:2  | Noticed a large abomination
    99 | D:1      | Escaped the Abyss
   233 | D:1      | Gained mutation: You are partially covered in iridescent scales (AC +4). [demonic ancestry]
   233 | D:1      | Reached XP level 2. HP: 10/24 MP: 3/3
   619 | D:1      | Reached * piety under Lugonu
   896 | D:1      | Reached XP level 3. HP: 27/29 MP: 4/4
  1227 | D:2      | Found a radiant altar of Vehumet.
  1230 | D:2      | Found a basalt altar of Yredelemnul.
  1233 | D:2      | Found a snail-covered altar of Cheibriados.
  1236 | D:2      | Found a blossoming altar of Fedhas.
  1291 | D:2      | Reached ** piety under Lugonu
  1910 | D:2      | Reached skill level 1 in Dodging
  2000 | D:3      | Reached skill level 4 in Fighting
  2000 | D:3      | Gained mutation: You have sharp toenails. [demonic ancestry]
  2000 | D:3      | Reached XP level 4. HP: 26/37 MP: 5/5
  2132 | D:3      | Gained mutation: You have a pair of small antennae on your head. [potion of mutation]
  2132 | D:3      | Gained mutation: Armour fits poorly on your strangely shaped body. [potion of mutation]
  2132 | D:3      | Gained mutation: Your muscles are strong. (Str +2) [potion of mutation]
  2141 | D:3      | Succumbed to an orc priest's poison

Skill      XL: |  1  2  3 |
---------------+----------+-----
Axes           | 2 |  2.3
Armour         | 2 |  2.8
Dodging        | 1 |  1.3
Fighting       | 4 |  4.0
Stealth        | |  0.2
Invocations    | |  2.6

Action                   |  1- 3 |  4- 6 || total
-------------------------+-------+-------++-------
Melee: Hand axe          |   131 |    21 ||   152
       Kick              |       |     2 ||     2
Throw: Javelin           |     3 |       ||     3
Invok: Depart the Abyss  |     1 |       ||     1
  Use: Potion            |       |     3 ||     3
  Eat: Fruit             |     3 |       ||     3
       Chunk             |     3 |       ||     3
Armor: Leather armour    |    31 |       ||    31
       Ring mail         |    42 |    13 ||    55
Dodge: Dodged            |    98 |    16 ||   114
